 Dungeon Crawl Stone Soup version 0.30.1-11-g7821555f0a (console) character file.

Game seed: 2752304231740527032

226 JoeltCo the Stinger (level 5, 0/36 HPs)
             Began as a Mummy Venom Mage on Jan 9, 2024.
             Was a Follower of Kikubaaqudgha.
             Splashed by a jelly's acid (4 damage)
             ... on level 4 of the Dungeon.
             The game lasted 00:07:26 (3564 turns).

JoeltCo the Stinger (Mummy Venom Mage)              Turns: 3564, Time: 00:07:26

Health: 0/36       AC: -1    Str: 12    XL:     5   Next: 69%
Magic:  13/19      EV: 12    Int: 16    God:    Kikubaaqudgha [*.....]
Gold:   145        SH:  5    Dex: 12    Spells: 0/10 levels left

rFire   x . .        h - +2 dagger (venom)
rCold   + . .        (no shield)
rNeg    + + +        a - +1 robe
rPois   ∞            (no helmet)
rElec   .            (no cloak)
rCorr   .            (no gloves)
SInv    .            (no boots)
Will    .....        d - amulet of reflection
Stlth   ++           b - ring of magical power
HPRegen 0.26/turn    (no ring)
MPRegen 0.16/turn

%: reflection, faith
@: corroded, very slightly contaminated
A: cold resistance 1, negative energy resistance 3, torment resistance 2, heat
vulnerability 1, in touch with death 1, no potions, faith
a: Renounce Religion, Unearth Wretches


You were on level 4 of the Dungeon.
You worshipped Kikubaaqudgha.
Kikubaaqudgha was aware of your devotion.
You visited 2 branches of the dungeon, and saw 6 of its levels.

You collected 145 gold pieces.

Inventory:

Hand Weapons
 h - a +2 dagger of venom (weapon)
Armour
 a - a +1 robe (worn)
Jewellery
 b - a ring of magical power (left hand)
 d - an amulet of reflection (around neck)
Scrolls
 c - a scroll of fear
 e - a scroll of identify
 g - 2 scrolls of teleportation


   Skills:
 - Level 0.6 Fighting
 - Level 0.6 Ranged Weapons
 - Level 1.5 Dodging
 - Level 1.5 Stealth
 + Level 3.3 Spellcasting
 - Level 0.7 Transmutations
 + Level 5.0 Poison Magic


You couldn't memorise any spells.
You knew the following spells:

 Your Spells              Type           Power      Damage    Failure   Level
a - Sting                 Tmut/Pois      44%        1d5       5%          1
b - Poisonous Vapours     Pois/Air       20%        N/A       10%         2
c - Mephitic Cloud        Conj/Pois/Air  8%         N/A       26%         3
d - Olgreb's Toxic Radia  Pois           18%        N/A       22%         4

Your spell library contained the following spells:

 Spells                   Type           Power      Damage    Failure   Level
 Kiss of Death            Conj/Necr      16%        2d6       19%         1
 Necrotise                Necr           16%        1d4       19%         1
 Dazzling Flash           Conj/Hex       4%         N/A       47%         3
 Vampiric Draining        Necr           4%         2d6       47%         3
 Animate Dead             Necr           4%         N/A       87%         4
 Agony                    Necr           4%         N/A       99%         5
 Silence                  Hex/Air        1%         N/A       99%         5


Dungeon Overview and Level Annotations

Branches:
Dungeon (5/15)             Temple (1/1) D:5

Altars:
Ashenzari
Cheibriados
Dithmenos
Fedhas
Gozag
Hepliaklqana
Kikubaaqudgha
Makhleb
Nemelex Xobeh
Okawaru
Qazlal
Ru
Sif Muna
Trog
Uskayaw
Vehumet
Xom


Innate Abilities, Weirdness & Mutations

You are immune to poison.
Your flesh is cold resistant. (rC+)
You are immune to negative energy. (rN+++)
You are immune to unholy pain and torment.
You are vulnerable to heat. (rF-)
You are in touch with the powers of death.
You do not drink.
You have a special connection with the divine. (Faith)


Message History

Aim: a jelly (lightly wounded, poisoned, 100% to hit)
The sting hits the jelly.
The jelly partially resists.
The jelly looks even sicker.
The jelly is moderately wounded.
The jelly hits you but does no damage.
Casting: Sting (safe; 5% risk of failure)
Confirm with . or Enter, or press ? or * to list all spells.
Aiming: Sting (safe; 5% risk of failure)
Press: ? - help, Shift-Dir - straight line, f/p - jelly
Aim: a jelly (heavily wounded, very poisoned, 100% to hit)
The sting hits the jelly.
The jelly partially resists.
The jelly is heavily wounded.
The jelly barely misses you.
Casting: Sting (safe; 5% risk of failure)
Confirm with . or Enter, or press ? or * to list all spells.
Aiming: Sting (safe; 5% risk of failure)
Press: ? - help, Shift-Dir - straight line, f/p - jelly
Aim: a jelly (heavily wounded, very poisoned, 100% to hit)
The sting hits the jelly.
The jelly looks even sicker.
The jelly is heavily wounded.
The jelly hits you. The acid corrodes you!
You are splashed with acid!
Casting: Sting (safe; 5% risk of failure)
Confirm with . or Enter, or press ? or * to list all spells.
Aiming: Sting (safe; 5% risk of failure)
Press: ? - help, Shift-Dir - straight line, f/p - jelly
Aim: a jelly (heavily wounded, very poisoned, 100% to hit)
The sting hits the jelly.
The jelly partially resists.
The jelly is heavily wounded.
The jelly hits you.
You are splashed with acid!
* * * LOW HITPOINT WARNING * * *
Casting: Sting (safe; 5% risk of failure)
Confirm with . or Enter, or press ? or * to list all spells.
Aiming: Sting (safe; 5% risk of failure)
Press: ? - help, Shift-Dir - straight line, f/p - jelly
Aim: a jelly (heavily wounded, very poisoned, 100% to hit)
You miscast Sting.
Nothing appears to happen.
The jelly hits you.
* * * LOW HITPOINT WARNING * * *
You are splashed with acid.
You die...
Kikubaaqudgha rasps: "You have failed me!
Welcome... oblivion!"

### #<# #.# #.#
#.# ##.##
..###...#
.........########
...###...........
. #.@w........
#J..........
....#.........
......#.........
.......#.........
.......#.........
.......#.........
................


You could see a worm and a jelly (very poisoned).

Vanquished Creatures
  2 orc priests
  Natasha (twice) (D:3)
  An orc wizard (D:3)
  An adder (D:4)
  3 worms
  2 dart slugs (D:2)
  6 orcs
  4 ball pythons
  7 endoplasms
  5 giant cockroaches
  7 goblins
  8 hobgoblins
  2 jackals (D:1)
  4 kobolds
  A quokka (D:1)
  5 bats
  7 frilled lizards
  6 rats
73 creatures vanquished.

Notes
Turn   | Place    | Note
-------+----------+-------------------------------------------
     0 | D:1      | JoeltCo the Mummy Venom Mage began the quest for the Orb.
     0 | D:1      | Reached XP level 1. HP: 13/13 MP: 4/4
   270 | D:2      | Reached XP level 2. HP: 19/19 MP: 5/5
   274 | D:2      | Reached skill level 3 in Poison Magic
   548 | D:3      | Gained mutation: You are in touch with the powers of death.
                  | [Mummy growth]
   548 | D:3      | Reached XP level 3. HP: 12/24 MP: 6/7
   778 | D:3      | Reached skill level 4 in Poison Magic
   778 | D:3      | Reached XP level 4. HP: 20/30 MP: 6/8
   874 | D:4      | Learned a level 2 spell: Poisonous Vapours
   878 | D:4      | Learned a level 3 spell: Mephitic Cloud
  1116 | D:4      | Reached XP level 5. HP: 35/36 MP: 9/9
  1200 | D:5      | Entered Level 5 of the Dungeon
  1272 | D:5      | Found a staircase to the Ecumenical Temple.
  1281 | Temple   | Entered the Ecumenical Temple
  1594 | Temple   | Became a worshipper of Kikubaaqudgha
  2226 | D:1      | Reached * piety under Kikubaaqudgha
  2226 | D:1      | Received a gift from Kikubaaqudgha
  3010 | D:3      | Found a faded altar of an unknown god.
  3206 | D:3      | Noticed Natasha
  3224 | D:3      | Killed Natasha
  3229 | D:3      | Noticed Natasha
  3239 | D:3      | Killed Natasha
  3240 | D:3      | Reached skill level 5 in Poison Magic
  3425 | D:3      | Learned a level 4 spell: Olgreb's Toxic Radiance
  3564 | D:4      | Splashed by a jelly's acid

Illustrated notes

Levels and vault maps discovered:
D:1:      psy_arrival_conway, layout_basic
D:2:      layout_rooms, dk_vineyard_1
D:3:      layout_rooms, chequers_ecumenical_altar_simple, serial_bayou,
          serial_bayou_pond_e, serial_bayou_crossing, serial_bayou_ford_a,
          serial_bayou_shore_b, dk_noncrumbling_3, uniq_natasha
D:4:      layout_basic
D:5:      layout_loops_corners, nicolae_overflow_hidden_temple,
          minmay_temple_entry_statues_fountains, kennysheep_generic_room_4
Temple:   mainiacjoe_temple_cubbyholes

Skill      XL: |  1  2  3  4  5 |
---------------+----------------+-----
Poison Magic   | 3 4 5 |  5.0
Spellcasting   | 3 |  3.3
Fighting       | |  0.6
Ranged Weapons | |  0.6
Dodging        | |  1.5
Stealth        | |  1.5
Transmutations | |  0.7

Action                     |  1- 3 |  4- 6 || total
---------------------------+-------+-------++-------
  Melee: Unarmed           |     1 |       ||     1
         Hand axe          |       |     5 ||     5
         Dagger            |       |     3 ||     3
   Fire: Sling             |     6 |       ||     6
   Cast: Sting             |    69 |   120 ||   189
         Mephitic Cloud    |       |     2 ||     2
    Use: Scroll            |     3 |     3 ||     6
 Armour: Robe              |     3 |    25 ||    28
  Dodge: Dodged            |    23 |    59 ||    82
